 Dungeon Crawl Stone Soup version 0.27-a0-512-g57cc695410 (webtiles) character file.

Game seed: 16711233222259808167

243 kae the Chopper (level 6, -4/56 HPs)
             Began as a Hill Orc Fighter on Mar 3, 2021.
             Slain by a hornet (9 damage)
             ... while paralysed by a hornet
             ... on level 6 of the Dungeon.
             The game lasted 00:01:11 (2307 turns).

kae the Chopper (Hill Orc Fighter)                  Turns: 2307, Time: 00:01:11

Health: -4/56      AC:  6    Str: 21    XL:     6   Next: 9%
Magic:  6/6        EV:  2    Int:  8    God:
Gold:   181        SH:  0    Dex: 10    Spells: 5/5 levels left

rFire    . . .     SeeInvis .   a - +0 war axe
rCold    . . .     Faith    .   c - +0 kite shield
rNeg     . . .     Spirit   .   b - +0 scale mail
rPois    .         Reflect  .   (no helmet)
rElec    .         Harm     .   (no cloak)
rCorr    .         Rampage  .   (no gloves)
Will     .....                  (no boots)
Stlth    ..........             (no amulet)
HPRegen  0.18/turn              (no ring)
MPRegen  0.10/turn              (no ring)

@: paralysed, mighty, lethally poisoned (-4 -> -19), slowed
A: no striking features
a: no special abilities


You were on level 6 of the Dungeon.
You visited 1 branch of the dungeon, and saw 4 of its levels.

You collected 181 gold pieces.

Inventory:

Hand Weapons
 a - a +0 war axe (weapon)
Armour
 b - a +0 scale mail (worn)
 c - a +0 kite shield (worn)
Jewellery
 h - an amulet of magic regeneration
 n - a +6 ring of intelligence
Scrolls
 e - a scroll of blinking {unknown}
 f - 3 scrolls of teleportation {unknown}
 g - a scroll of amnesia {unknown}
 k - a scroll of magic mapping {unknown}
 l - 2 scrolls of identify {unknown}
 m - 2 scrolls of fear {unknown}
 o - a scroll of noise {unknown}
Potions
 i - a potion of curing {unknown}
 j - a potion of mutation {unknown}


   Skills:
 + Level 5.4 Fighting
 * Level 6.9 Axes
 - Level 3.2 Armour
 - Level 3.2 Shields


You had 5 spell levels left.
You didn't know any spells.
Your spell library was empty.

Dungeon Overview and Level Annotations

Branches:
Dungeon (3/15)

Altars:
Ru
Uskayaw


Message History

Found 15 stones.
A hornet is nearby!
A hornet is nearby!
Found a trident.
You closely miss the hornet.
The hornet stings you but does no damage.
You block the hornet's attack.
You feel very mighty all of a sudden. You block the hornet's attack.
The hornet stings you.
You are poisoned.
You feel yourself slow down.
You closely miss the hornet.
You feel sick. You block the hornet's attack. The hornet closely misses you.
The hornet stings you but does no damage.
You miss the hornet.
You feel yourself speed up.
You feel sick. You block the hornet's attack. The hornet stings you.
You feel yourself slow down. The hornet stings you.
You feel as though you will be slow longer.
You barely miss the hornet.
You feel sick. The hornet stings you.
You are more poisoned.
You feel as though you will be slow longer.
The hornet closely misses you. You block the hornet's attack.
You barely miss the hornet.
You feel sick. You block the hornet's attack.
The hornet stings you but does no damage.
The hornet stings you!
You are lethally poisoned!
You feel as though you will be slow longer.
You closely miss the hornet.
* * * LOW HITPOINT WARNING * * *
You feel very sick. You block the hornet's attack.
The hornet barely misses you. x2
You hit the hornet.
The hornet is lightly wounded.
* * * LOW HITPOINT WARNING * * *
You feel very sick. The hornet stings you.
* * * LOW HITPOINT WARNING * * *
You suddenly lose the ability to move!
The hornet stings you!
You die...

### . #.# .)
#.####..
#.....#.#
####........
#.....#.....
####@...#
#y##.....
#.# #.#. #.#
# .(# ..#
... ##.#


You could see a hornet.

Vanquished Creatures
  Grinder (D:3)
  An adder (D:3)
  A dart slug (D:2)
  A leopard gecko (D:2)
  4 giant cockroaches
  3 goblins
  2 hobgoblins
  2 jackals (D:2)
  A quokka (D:2)
  A bat (D:1)
  3 frilled lizards (D:2)
  8 kobolds
  8 rats
36 creatures vanquished.

Vanquished Creatures (others)
  5 plants (D:1)
5 creatures vanquished.

Grand Total: 41 creatures vanquished

Notes
Turn   | Place    | Note
-------+----------+-------------------------------------------
     0 | D:1      | kae the Hill Orc Fighter began the quest for the Orb.
     0 | D:1      | Reached XP level 1. HP: 19/19 MP: 1/1
   146 | D:1      | Reached skill level 3 in Axes
   305 | D:1      | Reached XP level 2. HP: 23/27 MP: 2/2
  1035 | D:2      | Reached skill level 4 in Axes
  1037 | D:2      | Reached XP level 3. HP: 31/33 MP: 3/3
  1480 | D:2      | Found a hide-covered altar of Uskayaw.
  1908 | D:3      | Found a sacrificial altar of Ru.
  1978 | D:3      | Noticed Grinder
  1994 | D:3      | Killed Grinder
  1995 | D:3      | Reached skill level 5 in Fighting
  1995 | D:3      | Reached skill level 6 in Axes
  1995 | D:3      | Reached XP level 4. HP: 3/42 MP: 4/4
  1995 | D:3      | Reached XP level 5. HP: 3/48 MP: 5/5
  1995 | D:3      | Reached XP level 6. HP: 4/56 MP: 6/6
  2296 | D:3      | You fall into a shaft and drop 3 floors!
  2298 | D:6      | Noticed a hornet
  2307 | D:6      | Paralysed by a hornet for 1 turns
  2307 | D:6      | Slain by a hornet

Illustrated notes

Levels and vault maps discovered:
D:1:      roderic_crop_circles_arrival_small, layout_basic
D:2:      layout_basic, general_overflow_altar, minmay_vboxes
D:3:      layout_basic, serial_rivers, chequers_serial_rivers_small_a,
          chequers_serial_rivers_large_b, chequers_serial_rivers_small_3,
          chequers_serial_rivers_small_3, nicolae_ru_the_path_less_chosen,
          uniq_grinder, uniq_crazy_yiuf_cottage, uniq_ijyb, uniq_sigmund
D:6:      layout_basic

Skill      XL: |  1  2  3 |
---------------+----------+-----
Axes           | 3 4 6 |  6.9
Fighting       | 4 5 |  5.4
Armour         | |  3.2
Shields        | |  3.2

Action                   |  1- 3 |  4- 6 || total
-------------------------+-------+-------++-------
Melee: War axe           |   103 |     9 ||   112
  Use: Potion            |       |     1 ||     1
Armor: Scale mail        |    49 |     6 ||    55
Dodge: Dodged            |    33 |     4 ||    37
Block: Kite shield       |    48 |     9 ||    57

Table legend: (Time is in decaauts)
 A = Elapsed time spent in this place.
 B = Non-inter-level travel time spent in this place.
 C = Inter-level travel time spent in this place.
 D = Time resting spent in this place.
 E = Time spent auto-exploring this place.
 F = Levels seen in this place.
 G = Mean time per level.
                   A        B        C        D        E       F      G
               +--------+--------+--------+--------+--------+-----+--------+
         Total |   2372 |   2285 |     87 |      0 |   2010 |   4 |  593.0 |
       Dungeon |   2372 |   2285 |     87 |      0 |   2010 |   4 |  593.0 |
               +--------+--------+--------+--------+--------+-----+--------+

Top non-repeatable levels by time:
     D:1: 944 daAuts
     D:2: 744 daAuts
     D:3: 667 daAuts
     D:6: 16 daAuts
